Map: World of Sleepers LE

Players

MarineLorD - Winner!

  • Race: Protoss Protoss
  • League: Master
  • Spawn Location: 7:00

PtitDrogo

  • Race: Terran Terran
  • League: Grandmaster
  • Spawn Location: 1:00

Event: HomeStory Cup XX

VOD

Have the link to the VOD?

Description

Time

  • Played on: Nov. 22, 2019, 4:18 p.m.
  • Length: 8:46

All games in this series

Show
View Real Time Build Order
Export as new Build Order

MarineLorD Protoss - Winner!

Build Orders: 1 Gate Expand, Colossus Rush 

Get SALT Encoding   

  12  0:01  Probe  
  13  0:13  Probe  
  14  0:17  Pylon  
  14  0:24  Probe  
  15  0:32  Probe  
  15  0:40  Probe, Gateway  
  16  0:47  Assimilator  
  17  0:51  Probe  
  18  1:04  Probe  
  19  1:16  Probe  
  20  1:23  Nexus  
  20  1:28  Probe  
  21  1:35  Cybernetics Core  
  21  1:40  Probe  
  22  1:48  Pylon  
  22  1:52  Probe  
  22  1:53  Assimilator  
  23  2:02  Stalker  
  23  2:04  Probe  
  24  2:12  Warp Gate, Probe  
  26  2:20  Probe  
  28  2:31  Stalker, Probe  
  28  2:33  Probe  
  32  2:39  Probe  
  33  2:45  Probe  
  33  2:48  Robotics Facility  
  33  2:49  Probe  
  34  2:57  Probe  
  36  3:01  Stalker, Probe  
  39  3:07  Pylon  
  39  3:09  Probe  
  40  3:13  Probe  
  41  3:20  Gateway  
  41  3:22  Probe, Gateway  
  41  3:25  Probe  
  43  3:31  Stalker  
  45  3:34  Probe  
  45  3:35  Observer  
  45  3:37  Probe  
  48  3:46  Probe  
  49  3:50  Probe  
  50  3:58  Probe  
  50  3:59  Observer  
  52  4:03  Assimilator, Nexus  
  52  4:06  Assimilator, Pylon  
  52  4:07  Pylon  
  52  4:11  Probe x2  
  52  4:14  Pylon  
  54  4:24  Probe x2  
  54  4:26  Stalker x2, Sentry  
  62  4:36  Probe x2  
  64  4:41  Robotics Bay  
  64  4:49  Stalker, Warp Prism  
  64  4:50  Stalker  
  64  4:51  Zealot  
  70  4:58  Gateway  
  72  5:00  Gateway  
  70  5:14  Stalker x3  
  74  5:20  Immortal  
  76  5:31  Pylon  
  76  5:33  Pylon  
  76  5:35  Pylon  
  78  5:40  Nexus  
  78  5:47  Extended Thermal Lance  
  78  5:54  Colossus  
  82  6:05  Probe x2  
  81  6:15  Zealot x3  
  81  6:16  Zealot  
  81  6:17  Probe, Zealot  
  78  6:39  Probe x2  
  70  6:40  Stalker x2  
  70  6:41  Stalker x2  
  74  6:51  Probe x2  
  74  6:53  Probe  
  75  6:56  Pylon  
  75  7:00  Probe x2  
  75  7:01  Shield Battery  
  73  7:02  Probe  
  75  7:08  Probe x2  
  75  7:10  Probe  
  75  7:13  Shield Battery  
  78  7:17  Probe  
  78  7:18  Probe  
  78  7:19  Probe  
  81  7:25  Forge, Twilight Council  
  81  7:29  Probe  
  82  7:30  Shield Battery, Probe  
  82  7:31  Probe  
  82  7:32  Sentry x2  
  88  7:41  Assimilator, Probe  
  88  7:42  Probe  
  88  7:43  Probe  
  91  7:45  Assimilator  
  91  7:48  Colossus  
  97  7:53  Probe  
  97  7:55  Probe  
  97  7:56  Probe  
  97  7:58  Zealot x2  
  104  8:03  Zealot  
  104  8:04  Zealot x2  
  110  8:09  Probe x2  
  112  8:13  Probe  
  109  8:20  Stalker  
  109  8:23  Stalker  
  113  8:27  Stalker x3  
  115  8:45  Nexus  
Show
View Real Time Build Order
Export as new Build Order

PtitDrogo Terran 

Build Orders: Gas First Reaper Expand, Mech 

Get SALT Encoding   

  12  0:00  SCV  
  13  0:12  SCV  
  14  0:17  Supply Depot  
  14  0:24  SCV  
  14  0:27  Refinery  
  15  0:39  SCV  
  16  0:45  Barracks  
  16  0:51  SCV  
  17  1:03  SCV  
  18  1:15  SCV  
  19  1:32  Orbital Command  
  19  1:33  Reaper  
  20  1:44  Command Center  
  20  1:52  Refinery  
  20  2:00  Factory  
  20  2:04  SCV  
  21  2:17  Barracks Reactor  
  21  2:18  SCV  
  21  2:20  Supply Depot  
  22  2:30  SCV  
  23  2:42  SCV  
  24  2:45  Factory Tech Lab  
  24  2:48  Starport  
  24  2:53  Marine x2  
  24  2:54  SCV  
  27  2:59  Orbital Command  
  27  3:06  SCV  
  28  3:17  Marine x2  
  28  3:18  Siege Tank, SCV  
  33  3:25  Starport Tech Lab  
  33  3:27  SCV  
  34  3:34  Marine x2  
  34  3:38  SCV  
  34  3:39  SCV  
  38  3:47  Banshee  
  38  3:58  Marine x2  
  38  3:59  Siege Tank  
  38  4:01  Supply Depot, SCV  
  38  4:02  SCV  
  45  4:10  Supply Depot  
  45  4:13  SCV  
  46  4:22  Marine x2  
  48  4:26  SCV x2  
  48  4:29  Banshee  
  53  4:32  Siege Tank  
  56  4:38  SCV  
  56  4:40  Marine x2  
  56  4:41  SCV  
  56  4:42  Supply Depot  
  60  4:54  SCV x2  
  60  4:58  Marine x2  
  60  5:04  Siege Tank  
  58  5:16  Marine  
  58  5:17  Bunker  
  58  5:18  Bunker  
  58  5:20  Marine  
  58  5:23  Bunker  
  58  5:24  Banshee  
  57  5:32  SCV  
  57  5:34  Marine  
  59  5:37  Marine  
  59  5:40  Siege Tank  
  63  5:47  SCV x2  
  65  5:51  Command Center  
  64  6:01  Marine x2  
  64  6:04  Bunker  
  66  6:07  Banshee  
  66  6:12  Bunker  
  66  6:19  Marine x2  
  53  6:38  SCV  
  48  6:47  Marine x2  
  48  6:48  Siege Tank  
  48  6:49  SCV  
  48  6:50  SCV  
  48  6:53  Factory  
  50  6:54  Factory  
  50  6:56  Bunker  
  50  6:57  Bunker  
  50  7:01  SCV  
  49  7:05  SCV  
  49  7:07  Orbital Command  
  47  7:12  Marine  
  47  7:13  Marine, SCV  
  50  7:19  Banshee  
  50  7:21  SCV  
  52  7:24  Refinery  
  52  7:25  Refinery, SCV  
  53  7:32  Siege Tank  
  53  7:34  SCV  
  53  7:36  SCV  
  58  7:39  Factory Tech Lab  
  58  7:42  Factory Reactor  
  58  7:45  SCV  
  58  7:46  SCV  
  58  7:48  Supply Depot  
  58  7:50  Supply Depot, Factory Reactor  
  60  7:52  SCV  
  60  7:55  Bunker  
  60  7:57  SCV  
  44  8:13  SCV  
  44  8:18  SCV x2  
  41  8:23  Hellion x2  
Tags
 
Add a new tag
Caveats
  • Supply blocks, unpowered buildings, or Contaminate may cause inaccurate times.
  • Supply counts are checked every 10 seconds.